 Dungeon Crawl Stone Soup version 0.24.0-41-g2ae2f7f1be (webtiles) character file.

Game seed: 17651637089728602742, levelgen mode: deterministic

20 Gwanngwann the Chiller (level 2, 0/20 HPs)
             Began as a Draconian Ice Elementalist on Dec 13, 2019.
             Slain by a jackal (2 damage)
             ... on level 1 of the Dungeon.
             The game lasted 00:05:46 (309 turns).

Gwanngwann the Chiller (Draconian Ice Elementalist)  Turns: 309, Time: 00:05:47

Health: 0/20       AC:  4    Str: 10    XL:     2   Next: 58%
Magic:  3/5        EV: 12    Int: 15    God:
Gold:   12         SH:  0    Dex: 11    Spells: 4/5 levels left

rFire    . . .     SeeInvis .   a - +0 mace
rCold    . . .     Gourm    .   (no shield)
rNeg     . . .     Faith    .   (armour unavailable)
rPois    .         Spirit   .   (helmet restricted)
rElec    .         Reflect  .   (no cloak)
rCorr    .         Harm     .   (no gloves)
MR       .....                  (no boots)
Stlth    ++........             (no amulet)
HPRegen  0.06/turn              (no ring)
MPRegen  0.09/turn              (no ring)

@: no status effects
A: unfitting armour, cold-blooded, AC +4
a: no special abilities


You were on level 1 of the Dungeon.
You were not hungry.

You visited 1 branch of the dungeon, and saw 1 of its levels.

You collected 12 gold pieces.

Inventory:

Hand Weapons
 a - a +0 mace (weapon)
 c - a +0 hand axe
 f - a +0 short sword
Scrolls
 e - a scroll of amnesia {unknown}
Comestibles
 b - a ration
 d - 11 chunks of flesh


   Skills:
 + Level 1.8 Dodging
 + Level 2.0 Stealth
 + Level 2.1 Spellcasting
   Level 1.0 Conjurations
 + Level 3.6 Ice Magic


You had 4 spell levels left.
You knew the following spells:

 Your Spells              Type           Power        Failure   Level  Hunger
a - Freeze                Ice            ##..         4%          1    #......

Your spell library contained the following spells:

 Spells                   Type           Power        Failure   Level  Hunger
 Throw Frost              Conj/Ice       #.....       13%         2    ###....
 Ozocubu's Armour         Chrm/Ice       #.......     30%         3    ###....
 Throw Icicle             Conj/Ice       #.......     63%         4    #####..
 Summon Ice Beast         Ice/Summ       #.......     71%         4    #####..


Dungeon Overview and Level Annotations

Branches:
Dungeon (1/15)

Altars:


Innate Abilities, Weirdness & Mutations

Your plain brown scales are hard. (AC +4)
You cannot fit into any form of body armour.
You are cold-blooded and may be slowed by cold attacks.


Message History

Aim: a jackal (almost dead)
You freeze the jackal.
You kill the jackal!
The jackal misses you.
You barely miss the jackal. The jackal bites you.
* * * LOW HITPOINT WARNING * * *
The jackal bites you but does no damage.
You closely miss the jackal. The jackal bites you.
* * * LOW HITPOINT WARNING * * *
The jackal closely misses you.
You barely miss the jackal. The jackal closely misses you.
The jackal barely misses you.
You closely miss the jackal.
The jackal bites you but does no damage. x2
You hit the jackal.
The jackal is moderately wounded.
The jackal bites you.
* * * LOW HITPOINT WARNING * * *
The jackal bites you.
You die...

.÷÷#######.#...#.##########
... .........#.###.#.# .#
.........#.###.#.#
#............#.#.#
#..............#.#
.............###.#
.........##..# #.#
.....#######.# #.#
..........(÷.###@#
.....######†..##h### .....#
#....Khg.# .....#
#.....h..# .....#
#........# .....#
#........# .....#
#........# ######
#........... #.###.>#.#...


You could see 3 jackals, a hobgoblin and a kobold.

Vanquished Creatures
  A dart slug (D:1)
  A leopard gecko (D:1)
  A ball python (D:1)
  A hobgoblin (D:1)
  5 jackals (D:1)
  A kobold (D:1)
  A bat (D:1)
  3 frilled lizards (D:1)
  A goblin (D:1)
  A rat (D:1)
16 creatures vanquished.

Notes
Turn   | Place    | Note
-------+----------+-------------------------------------------
     0 | D:1      | Gwanngwann the Draconian Ice Elementalist began the quest
                  | for the Orb.
     0 | D:1      | Reached XP level 1. HP: 14/14 MP: 3/3
   116 | D:1      | Reached XP level 2. HP: 20/20 MP: 3/5
   309 | D:1      | Slain by a jackal

Levels and vault maps discovered:
D:1:      dpeg_arrival_more_subterranean_lakeside_camping, layout_basic,
          minmay_statues_item

Skill      XL: |  1  2 |
---------------+-------+-----
Stealth        | 2 |  2.0
Dodging        | |  1.8
Spellcasting   | |  2.1
Conjurations   | |  1.0
Ice Magic      | |  3.6

Action                   || total
-------------------------++-------
Melee: Mace              ||    43
       Tailslap          ||     4
 Cast: Freeze            ||    16
  Use: Scroll            ||     3
       Potion            ||     1
Armor: Skin              ||    32
Dodge: Dodged            ||    52
